 Dungeon Sprint DCSS version 0.24.1-8-ga250c9d538 (webtiles) character file.

Game seed: 14145323884109723281, levelgen mode: deterministic

26 Doot the Magician (level 3, -4/19 HPs)
             Began as a Tengu Wizard on Apr 30, 2020.
             Was a Believer of Vehumet.
             Slain by an orc
             ... wielding a +0 hand axe
              (9 damage)
             ... in the Dungeon (Sprint VII: "The Pits").
             The game lasted 00:02:11 (861 turns).

Doot the Magician (Tengu Wizard)                     Turns: 861, Time: 00:02:11

Health: -4/19      AC:  2    Str:  7    XL:     3   Next: 8%
Magic:  7/10       EV: 13    Int: 19    God:    Vehumet [**....]
Gold:   0          SH:  0    Dex: 12    Spells: 3/12 levels left

rFire    . . .     SeeInvis .   p - +2 falchion
rCold    . . .     Gourm    .   (no shield)
rNeg     . . .     Faith    .   a - +0 robe
rPois    .         Spirit   .   b - +0 hat
rElec    .         Reflect  .   (no cloak)
rCorr    .         Harm     .   (no gloves)
MR       .....     NoTele   +   (boots unavailable)
Stlth    ++........             (no amulet)
HPRegen  0.06/turn              (no ring)
MPRegen  0.12/turn              (no ring)

@: very slightly contaminated
A: beak, talons 3
a: Renounce Religion


You were in the Dungeon.
You worshipped Vehumet.
Vehumet was pleased with you.
You were not hungry.

You visited 1 branch

Inventory:

Hand Weapons
 p - a +2 falchion (weapon)
Armour
 a - a +0 robe (worn)
 b - a +0 hat (worn)
 q - a +3 ring mail
Magical Staves
 o - an uncursed staff of energy
Scrolls
 j - a scroll of blinking
 l - 3 scrolls of remove curse
 m - 5 scrolls of amnesia
 n - a scroll of summoning
Potions
 e - 6 potions of curing
 f - 6 potions of heal wounds
 g - a potion of haste
 h - 4 potions of magic
 i - 2 potions of berserk rage
 k - 2 potions of invisibility
Comestibles
 d - 9 rations


   Skills:
 + Level 3.2 Dodging
 + Level 2.3 Stealth
 + Level 5.4 Spellcasting
 * Level 2.6 Conjurations
   Level 1.2 Summonings
 + Level 0.7 Translocations


You had 3 spell levels left.
You knew the following spells:

 Your Spells              Type           Power        Failure   Level  Hunger
a - Magic Dart            Conj           ###.         4%          1    None
b - Blink                 Tloc           N/A          13%         2    None
c - Conjure Flame         Conj/Fire      ##......     21%         3    ##.....
d - Mephitic Cloud        Conj/Pois/Air  #.......     26%         3    ##.....

Your spell library contained the following spells:

 Spells                   Type           Power        Failure   Level  Hunger
 Sandblast                Erth           #.....       12%         1    None
 Call Imp                 Summ           #.......     11%         2    None
 Slow                     Hex            #.......     19%         2    None


Dungeon Overview and Level Annotations

Branches:
Dungeon (1/1)

Altars:
Ashenzari
Cheibriados
Dithmenos
Elyvilon
Fedhas
Gozag
Hepliaklqana
Kikubaaqudgha
Makhleb
Nemelex Xobeh
Okawaru
Qazlal
Ru
Sif Muna
Trog
Uskayaw
Vehumet
Wu Jian
Xom
Yredelemnul
Zin
The Shining One
Beogh
Jiyva
Lugonu


Innate Abilities, Weirdness & Mutations

You have a beak for a mouth.
You have claws for feet.


Message History

The orc wizard mumbles some strange words.
The orc wizard blinks!
The crimson imp blinks!
The orc barely misses you. The crimson imp hits you.
You barely miss the crimson imp. Your kick misses the crimson imp.
An orc comes into view.
It is wielding a +2 dagger of protection.
The orc closely misses you. The crimson imp hits you.
Unknown command.
The orc shouts!
You hit the orc but do no damage. You claw the orc.
The orc is moderately wounded.
You hear a shout!
The orc wizard casts a spell.
The orc wizard blinks!
The crimson imp hits you. The orc hits you with a +0 hand axe.
You barely miss the crimson imp.
The orc wizard casts a spell.
The orc wizard blinks!
The crimson imp hits you.
* * * LOW HITPOINT WARNING * * *
The orc hits you with a +0 hand axe!
You die...

##########.##.....
#...........'.....
#'#####'#####.....
#.#...#.#..##.....
#.#...#.#))#####'#
#.#...).#))##.....
#o##'####))##.....
#5#.....#.[##.....
#@#.....#'###...<.
#o#........##....)
#5#........##.....
#g###########.....


#oo ###### #o.# #... ##.## .. You could see an orc wizard, a quasit, a gnoll, a
crimson imp and 4 orcs.

Vanquished Creatures
  A gnoll (D)
  An adder skeleton (D)
  A worm (D)
  A leopard gecko (D)
  A ball python (D)
  A hobgoblin (D)
  2 jackals (D)
  A quokka (D)
  A jackal zombie (D)
10 creatures vanquished.

Notes
Turn   | Place    | Note
-------+----------+-------------------------------------------
     0 | D        | Doot the Tengu Wizard began the quest for the Orb.
     0 | D        | Reached XP level 1. HP: 10/10 MP: 5/5
    19 | D        | Found a bloodstained altar of Trog.
    19 | D        | Found a shimmering blue altar of Sif Muna.
    19 | D        | Found a viscous altar of Jiyva.
    19 | D        | Found a hazy altar of Hepliaklqana.
    19 | D        | Found an opulent altar of Gozag.
    20 | D        | Found a glowing golden altar of the Shining One.
    20 | D        | Found a glowing silver altar of Zin.
    20 | D        | Found a basalt altar of Yredelemnul.
    20 | D        | Found a shimmering altar of Xom.
    20 | D        | Found an ornate altar of the Wu Jian Council.
    20 | D        | Found a sacrificial altar of Ru.
    20 | D        | Found a stormy altar of Qazlal.
    20 | D        | Found an iron altar of Okawaru.
    20 | D        | Found a sparkling altar of Nemelex Xobeh.
    20 | D        | Found a burning altar of Makhleb.
    20 | D        | Found a blossoming altar of Fedhas.
    20 | D        | Found a white marble altar of Elyvilon.
    20 | D        | Found a shadowy altar of Dithmenos.
    20 | D        | Found a snail-covered altar of Cheibriados.
    21 | D        | Found a radiant altar of Vehumet.
    21 | D        | Found a corrupted altar of Lugonu.
    21 | D        | Found a roughly hewn altar of Beogh.
    22 | D        | Found a hide-covered altar of Uskayaw.
    22 | D        | Found an ancient bone altar of Kikubaaqudgha.
    22 | D        | Found a shattered altar of Ashenzari.
    31 | D        | Became a worshipper of Vehumet
   107 | D        | Reached skill level 4 in Spellcasting
   107 | D        | Reached XP level 2. HP: 7/15 MP: 1/8
   322 | D        | Reached * piety under Vehumet
   322 | D        | Offered knowledge of Sting by Vehumet.
   404 | D        | Reached skill level 5 in Spellcasting
   406 | D        | Reached ** piety under Vehumet
   468 | D        | Offered knowledge of Sandblast by Vehumet.
   588 | D        | Reached XP level 3. HP: 4/19 MP: 2/10
   847 | D        | Learned a level 3 spell: Conjure Flame
   851 | D        | Learned a level 3 spell: Mephitic Cloud
   854 | D        | Learned a level 2 spell: Blink
   861 | D        | Slain by an orc

Levels and vault maps discovered:
D:        pitsprint [storerooms_1, entrance_room_1, metal_vault_6, armoury_1,
          mini_pit_1, grid_room_1, main_hall_1, silver_pit, the_coven_1,
          the_vestibule_1, steel_vault_1, golden_pit, hallway_of_sentries,
          crystal_vault_1, iron_vault_5, final_vault]

Skill      XL: |  1  2 |
---------------+-------+-----
Dodging        | 3 |  3.2
Spellcasting   | 4 5 |  5.4
Conjurations   | 2 |  2.6
Stealth        | |  2.3
Summonings     | |  1.2
Translocations | |  0.7

Action                   || total
-------------------------++-------
Melee: Unarmed           ||     2
       Peck              ||     1
       Falchion          ||     4
       Kick              ||     1
 Cast: Magic Dart        ||    38
  Use: Potion            ||     1
Armor: Robe              ||     3
Dodge: Dodged            ||    18
       Rpst.: Falchion   ||     1
